 Dungeon Crawl Stone Soup version 0.22.1-1-ga44c0e5 (webtiles) character file.

132 Folque the Magician (level 5, 0/34 HPs)
             Began as an Octopode Wizard on Sept 29, 2018.
             Slain by a worker ant (6 damage)
             ... on level 4 of the Dungeon.
             The game lasted 00:10:35 (2622 turns).

Folque the Magician (Octopode Wizard)               Turns: 2622, Time: 00:10:41

Health: 0/34       AC:  1    Str:  7    XL:     5   Next: 15%
Magic:  8/10       EV: 13    Int: 21    God:
Gold:   133        SH:  0    Dex: 10    Spells: 0/11 levels left

rFire    . . .     SeeInvis .   d - +2 quarterstaff (chaos)
rCold    . . .     Gourm    .   (shield currently unavailable)
rNeg     . . .     Faith    .   a - +0 hat
rPois    .         Spirit   .   (no amulet)
rElec    .         Reflect  .   (no ring)
rCorr    .         Harm     .   (no ring)
MR       .....                  (no ring)
Stlth    +++.......             (no ring)
HPRegen  0.11/turn              (no ring)
MPRegen  0.12/turn              (no ring)
                                (no ring)
                                (no ring)

@: no status effects
A: almost no armour, stealthy swim, amphibious, 8 rings, constrict 8, camouflage
1, gelatinous body 1
a: no special abilities


You were on level 4 of the Dungeon.
You were not hungry.

You visited 1 branch of the dungeon, and saw 4 of its levels.

You collected 133 gold pieces.

Inventory:

Hand Weapons
 d - a +2 quarterstaff of chaos (weapon)
 o - a cursed -1 dagger
 w - a +0 short sword
 y - a +0 hunting sling
Armour
 a - a +0 hat (worn)
Jewellery
 f - an uncursed ring of protection from fire {unknown}
 k - a cursed ring of teleportation {unknown}
 A - an uncursed ring of flight {unknown}
Wands
 v - a wand of random effects (29)
Scrolls
 b - 2 scrolls of teleportation {unknown}
 h - a scroll of enchant weapon {unknown}
 m - a scroll of amnesia
 n - 5 scrolls of identify
 p - 2 scrolls of fog {unknown}
 r - a scroll of noise {unknown}
 s - 2 scrolls of remove curse {unknown}
 t - a scroll of enchant armour {unknown}
 x - a scroll of blinking {unknown}
Potions
 e - a potion of lignification {unknown}
 g - 3 potions of heal wounds {unknown}
 i - a potion of degeneration {unknown}
 l - a potion of mutation {unknown}
 q - a potion of curing {unknown}
 u - 2 potions of flight {unknown}
 z - a potion of magic {unknown}
Comestibles
 c - 10 rations
 j - 9 chunks of flesh


   Skills:
 - Level 2.0 Fighting
 + Level 2.2 Dodging
 - Level 2.6 Stealth
 * Level 3.8 Spellcasting
 - Level 2.0 Conjurations
 - Level 1.0 Summonings
 - Level 1.0 Translocations
 - Level 1.0 Air Magic
 - Level 2.0 Poison Magic


You couldn't memorise any spells.
You knew the following spells:

 Your Spells              Type           Power        Failure   Level  Hunger
a - Magic Dart            Conj           ##..         5%          1    None
b - Call Imp              Summ           #.......     12%         2    #......
c - Blink                 Tloc           N/A          12%         2    #......
d - Mephitic Cloud        Conj/Pois/Air  ##......     19%         3    ###....
e - Conjure Flame         Conj/Fire      #.......     24%         3    ###....

Your spell library contained the following spells:

 Spells                   Type           Power        Failure   Level  Hunger
 Slow                     Hex            #.......     19%         2    #......


Dungeon Overview and Level Annotations

Branches:
Dungeon (4/15)
 Temple: D:4-7

Altars:
Elyvilon
Vehumet

Shops:
D:4 [

Annotations:
D:3 Grinder


Innate Abilities, Weirdness & Mutations

You cannot wear most types of armour.
You are very stealthy in the water. (Stealth+)
You are amphibious.
You can wear up to eight rings at the same time.
You can use your tentacles to constrict eight enemies at once.
Your skin changes colour to match your surroundings (Stealth+).
Your rubbery body absorbs attacks. (AC +1, EV +1)


Message History

Found a gold piece.
A worker ant and an orc wizard come into view.
An orc comes into view. It is wielding a falchion.
The worker ant twitches its antennae in your direction.
Found 26 stones.
The orc wizard shouts!
The orc wizard casts a spell at you. The magic dart hits you!
Casting: Magic Dart (safe; 5% risk of failure)
Confirm with . or Enter, or press ? or * to list all spells.
A beastly little devil appears in a puff of flame.
You sock the orc! You burn the orc.
You kill the orc!
You closely miss the worker ant. You grab the worker ant.
You constrict the worker ant, but do no damage.
The worker ant bites you!
* * * LOW HITPOINT WARNING * * *
The orc wizard gestures wildly while chanting.
The orc wizard blinks!
The worker ant bites you.
You die...

#........#######
#...#.#........#
#####.###.####.#
#.###.# #.....###
#####...# #.#.#
#5#..####.
#######@# .#..$
......#a##...##.
#....##.... .
###..#..####..
##.>..w...w..#.
#.............#
#......o........
#................
.............∩....


You could see a worm, a worker ant, an orc wizard and a friendly crimson imp.

Vanquished Creatures
  Crazy Yiuf (D:2)
  4 adders
  An ooze (D:3)
  2 dart slugs (D:2)
  An orc (D:4)
  7 bats
  4 giant cockroaches
  5 hobgoblins
  4 jackals
  A quokka (D:2)
  9 goblins
  7 kobolds
  5 rats
  A fungus (D:2)
52 creatures vanquished.

Vanquished Creatures (collateral kills)
  An adder (D:3)
  A dart slug (D:3)
  A leopard gecko (D:3)
3 creatures vanquished.

Grand Total: 55 creatures vanquished

Notes
Turn   | Place    | Note
-------+----------+-------------------------------------------
     0 | D:1      | Folque the Octopode Wizard began the quest for the Orb.
     0 | D:1      | Reached XP level 1. HP: 11/11 MP: 4/4
   176 | D:1      | Reached XP level 2. HP: 7/18 MP: 6/6
   448 | D:1      | Reached skill level 1 in Fighting
  1003 | D:1      | Reached XP level 3. HP: 14/24 MP: 2/7
  1111 | D:2      | Learned a level 2 spell: Call Imp
  1114 | D:2      | Learned a level 2 spell: Blink
  1118 | D:2      | Learned a level 3 spell: Mephitic Cloud
  1406 | D:2      | Reached skill level 1 in Poison Magic
  1406 | D:2      | Reached XP level 4. HP: 29/29 MP: 9/9
  1724 | D:2      | Reached skill level 1 in Air Magic
  1884 | D:2      | Found a runed door.
  1888 | D:2      | Noticed Crazy Yiuf
  1953 | D:2      | Killed Crazy Yiuf
  2015 | D:3      | Found a white marble altar of Elyvilon.
  2015 | D:3      | Noticed Grinder
  2076 | D:3      | Noticed a phantom
  2392 | D:3      | Found a radiant altar of Vehumet.
  2446 | D:3      | Reached XP level 5. HP: 31/34 MP: 4/10
  2589 | D:4      | Learned a level 3 spell: Conjure Flame
  2607 | D:4      | Found Qyrr's Armour Shoppe.
  2622 | D:4      | Slain by a worker ant

Skill      XL: |  1  2  3  4 |
---------------+-------------+-----
Fighting       | 1 2 |  2.0
Conjurations   | 2 |  2.0
Poison Magic   | 1 2 |  2.0
Air Magic      | 1 |  1.0
Dodging        | |  2.2
Stealth        | |  2.6
Spellcasting   | |  3.8
Summonings     | |  1.0
Translocations | |  1.0

Action                   |  1- 3 |  4- 6 || total
-------------------------+-------+-------++-------
Melee: Short sword       |    67 |    35 ||   102
       Constrict         |    14 |    14 ||    28
       Tentacles         |     8 |     5 ||    13
       Quarterstaff      |       |    23 ||    23
 Cast: Magic Dart        |    16 |    10 ||    26
       Call Imp          |     2 |     7 ||     9
       Mephitic Cloud    |       |     1 ||     1
  Use: Scroll            |     1 |     2 ||     3
       Potion            |     1 |       ||     1
 Stab: Sleeping          |     5 |     5 ||    10
  Eat: Chunk             |     2 |     4 ||     6
Armor: Skin              |     4 |     4 ||     8
Dodge: Dodged            |    44 |    29 ||    73
